 Dungeon Crawl Stone Soup version 0.30.0-5-g1a98f26d00 (webtiles) character file.

Game seed: 16397166128757240087

58 SnakkuSnakku7 the Grasshopper (level 3, -9/32 HPs)
             Began as an Armataur Warper on May 8, 2023.
             Mangled by Crazy Yiuf
             ... wielding a +4 quarterstaff of chaos
              (17 damage)
             ... on level 2 of the Dungeon.
             The game lasted 00:01:34 (1078 turns).

SnakkuSnakku7 the Grasshopper (Armataur Warper)     Turns: 1078, Time: 00:01:34

Health: -9/32      AC:  4    Str: 18    XL:     3   Next: 75%
Magic:  5/5        EV:  9    Int: 13    God:
Gold:   110        SH:  0    Dex:  9    Spells: 5/5 levels left

rFire   . . .        n - +8 whip "Lifebane" {heavy, Fly}
rCold   . . .        (no shield)
rNeg    . . .        b - +0 leather armour
rPois   .            (no helmet)
rElec   .            (no cloak)
rCorr   .            (no gloves)
SInv    .            (no barding)
Will    .....        (no amulet)
Stlth   +            (no ring)
HPRegen 0.25/turn    (no ring)
MPRegen 0.09/turn

%: roll
@: flying
A: large, rugged brown scales 3, deformed body, armoured tail, roll, long
tongue, awkward tongue
a: no special abilities


You were on level 2 of the Dungeon.
You visited 1 branch of the dungeon, and saw 2 of its levels.

You collected 110 gold pieces.

Inventory:

Hand Weapons
 a - a +0 hand axe
 n - the +8 whip "Lifebane" (weapon) {heavy, Fly}
   (You found it on level 2 of the Dungeon)

   Fly:       It grants you flight.
Missiles
 d - 7 boomerangs of dispersal (quivered)
Armour
 b - a +0 leather armour (worn)
Scrolls
 c - a scroll of blinking
 e - 2 scrolls of fear {unknown}
 f - 3 scrolls of magic mapping {unknown}
 i - a scroll of noise {unknown}
 j - a scroll of teleportation {unknown}
 k - a scroll of identify {unknown}
Potions
 g - 2 potions of might
 h - 2 potions of brilliance {unknown}
 l - a potion of resistance {unknown}
 m - a potion of cancellation {unknown}


   Skills:
 + Level 2.9 Fighting
 + Level 2.6 Axes
 - Level 0.8 Throwing
 - Level 1.2 Armour
 - Level 1.3 Dodging
 - Level 1.7 Spellcasting
 - Level 3.0 Translocations


You had 5 spell levels left.
You didn't know any spells.
Your spell library contained the following spells:

 Spells                   Type           Power      Damage    Failure   Level
 Blink                    Tloc           16%        N/A       14%         2
 Lesser Beckoning         Tloc           16%        N/A       14%         2
 Teleport Other           Tloc           8%         N/A       26%         3
 Kiss of Death            Conj/Necr      4%         2d5       30%         1
 Necrotise                Necr           4%         1d4       30%         1
 Searing Ray              Conj           2%         2d4       43%         2
 Vhi's Electric Charge    Tloc/Air       10%        N/A       45%         3
 Manifold Assault         Tloc           8%         N/A       65%         4
 Confusing Touch          Hex            1%         N/A       67%         3
 Frozen Ramparts          Ice            2%         1d1       67%         3
 Anguish                  Hex/Necr       0%         N/A       97%         4
 Dispel Undead            Necr           1%         3d6       97%         4
 Ice Form                 Ice/Tmut       1%         N/A       97%         4
 Summon Ice Beast         Ice/Summ       1%         N/A       97%         4
 Irradiate                Conj/Tmut      0%         3d11      100%        5
 Necromutation            Tmut/Necr      0%         N/A       100%        8


Dungeon Overview and Level Annotations

Branches:
Dungeon (2/15)

Altars:

Annotations:
D:2 Crazy Yiuf


Innate Abilities, Weirdness & Mutations

You are completely covered in rugged brown scales. (AC +3, +7% HP)
Armour fits poorly on your strangely shaped body.
You have a long armoured tail.
You roll when moving toward enemies. (Rampage)
Your long tongue fully drains potion bottles. (2x potion effects)
Your tongue gives you trouble enunciating. (1.5x scroll delay)


Message History

You whack the adder skeleton!
You tail-slap the adder skeleton, but do no damage.
The adder skeleton is severely damaged.
The adder skeleton bites you. x2
You barely miss the adder skeleton.
The adder skeleton is severely damaged.
The adder skeleton bites you.
The adder skeleton bites you but does no damage.
You hit the adder skeleton.
You destroy the adder skeleton!
The bat zombie barely misses you. The bat zombie closely misses you.
The bat zombie hits you.
The bat zombie hits you but does no damage.
You whack the bat zombie!
You destroy the bat zombie!
No target in view!
No target in view!
A bat skeleton comes into view.
The bat skeleton closely misses you. The bat skeleton hits you.
A bat skeleton is nearby!
A bat skeleton is nearby!
You whack the bat skeleton!
You destroy the bat skeleton!
Crazy Yiuf shouts!
Crazy Yiuf yells, "Peeping sizzlefizz hand!"
Could not explore, unopened runed door.
Could not explore, unopened runed door.
As you open the door, it creaks loudly!
You barely miss Crazy Yiuf.
Crazy Yiuf hits you with a +4 quarterstaff of chaos!
Crazy Yiuf burns you.
You hit Crazy Yiuf.
You tail-slap Crazy Yiuf, but do no damage.
Crazy Yiuf is lightly wounded.
Crazy Yiuf hits you with a +4 quarterstaff of chaos.
* * * LOW HITPOINT WARNING * * *
Crazy Yiuf yells, "Ice tortoise pontify!"
Crazy Yiuf hits you with a +4 quarterstaff of chaos!
Ouch! That really hurt!
You die...

####....#
#####...##.#
#....#
#####.####.#
♣....♣
#..........#
♣♣...♣
#........###
♣♣.♣♣
#........#
♣♣.♣
#......>.#
♣.♣♣
##########
♣♣.♣ ♣@♣♣
#g# ...
#...# #)..#
#####


You could see Crazy Yiuf.

Vanquished Creatures
  An adder (D:2)
  An adder skeleton (D:2)
  A worm (D:2)
  A dart slug (D:2)
  2 bat skeletons (D:2)
  2 bat zombies (D:2)
  2 endoplasms
  2 giant cockroaches (D:2)
  3 goblins
  3 hobgoblins
  4 kobolds
  2 quokkas (D:2)
  3 ball pythons
  2 ball python zombies (D:2)
  A bat (D:1)
  4 frilled lizards
  A quokka zombie (D:2)
  6 rats
41 creatures vanquished.

Notes
Turn   | Place    | Note
-------+----------+-------------------------------------------
     0 | D:1      | SnakkuSnakku7 the Armataur Warper began the quest for the
                  | Orb.
     0 | D:1      | Reached XP level 1. HP: 18/18 MP: 3/3
   367 | D:1      | Reached XP level 2. HP: 25/25 MP: 4/4
   667 | D:2      | Got Anuotus's Papyrus of Spectral Momentum
   707 | D:2      | Reached XP level 3. HP: 23/32 MP: 5/5
   837 | D:2      | Identified the +8 whip "Lifebane" {heavy, Fly}
   943 | D:2      | Found a runed translucent door.
   944 | D:2      | Noticed Crazy Yiuf
  1078 | D:2      | Mangled by Crazy Yiuf

Illustrated notes

Levels and vault maps discovered:
D:1:      ncdulo_watergridlock, layout_loops_cross
D:2:      layout_rooms, serial_undead, serial_undead_d, serial_undead_e,
          serial_undead_c, serial_undead_f, uniq_crazy_yiuf_cottage

Skill      XL: |  1 |
---------------+----+-----
Fighting       | 2 |  2.9
Axes           | 2 |  2.6
Throwing       | |  0.8
Armour         | |  1.2
Dodging        | |  1.3
Spellcasting   | |  1.7
Translocations | |  3.0

Action                     || total
---------------------------++-------
  Melee: Hand axe          ||    93
         Tailslap          ||     7
         Punch             ||     2
         Whip              ||    18
    Use: Potion            ||     2
 Armour: Leather armour    ||    53
  Dodge: Dodged            ||    50
